 Dungeon Crawl Stone Soup version 0.27.1 (webtiles) character file.

Game seed: 7725041026053053694

188 FreshCat the Shield-Bearer (level 5, -6/32 HPs)
             Began as a Gargoyle Fighter on Aug 24, 2021.
             Mangled by a killer bee (7 damage)
             ... on level 4 of the Dungeon.
             The game lasted 00:10:32 (2642 turns).

FreshCat the Shield-Bearer (Gargoyle Fighter)       Turns: 2642, Time: 00:10:33

Health: -6/32      AC: 12    Str: 19 (20) XL:     5   Next: 67%
Magic:  5/5        EV:  7    Int: 14 (15) God:
Gold:   110        SH:  9    Dex:  7 (9)  Spells: 4/4 levels left

rFire    . . .     SeeInvis .   a - +1 flail
rCold    . . .     Faith    .   c - +0 kite shield
rNeg     + . .     Spirit   .   b - +0 scale mail
rPois    ∞         Reflect  .   (no helmet)
rElec    +         Harm     .   h - +0 cloak
rCorr    .         Rampage  .   (no gloves)
Will     +....                  (no boots)
Stlth    ..........             (no amulet)
HPRegen  0.10/turn              j - +6 ring of intelligence
MPRegen  0.09/turn              o - ring of willpower

@: mighty, hasted, very quick
A: sickness immunity, AC +4, negative energy resistance 1, electricity
resistance, torment resistance 1, petrification resistance
a: no special abilities


You were on level 4 of the Dungeon.
You visited 1 branch of the dungeon, and saw 5 of its levels.

You collected 110 gold pieces.

Inventory:

Hand Weapons
 a - a +1 flail (weapon)
Missiles
 e - 28 stones (quivered)
 f - 37 arrows
Armour
 b - a +0 scale mail (worn)
 c - a +0 kite shield (worn)
 h - a +0 cloak (worn)
Jewellery
 g - a ring of ice
 j - a +6 ring of intelligence (left hand)
 o - a ring of willpower (right hand)
Potions
 d - a potion of might
 k - a potion of magic


   Skills:
 + Level 3.6 Fighting
 + Level 3.5 Maces & Flails
 + Level 1.9 Throwing
 + Level 4.0 Armour
 + Level 0.6 Dodging
 + Level 0.2 Stealth
 + Level 4.2 Shields


You had 4 spell levels left.
You didn't know any spells.
Your spell library contained the following spells:

 Spells                   Type           Power      Damage    Failure   Level
 Animate Skeleton         Necr           0%         N/A       98%         1
 Corona                   Hex            0%         N/A       98%         1
 Pain                     Necr           0%         1d4       98%         1
 Ensorcelled Hibernation  Hex/Ice        0%         N/A       99%         2
 Tukima's Dance           Hex            0%         N/A       100%        3
 Vampiric Draining        Necr           0%         2d6       100%        3


Dungeon Overview and Level Annotations

Branches:
Dungeon (5/15)
 Temple: D:4-7

Altars:
Makhleb
Vehumet


Innate Abilities, Weirdness & Mutations

You are immune to sickness and miasma.
Your stone body is resilient. (AC +4)
You are immune to poison.
You resist negative energy. (rN+)
You are resistant to electric shocks. (rElec)
You are resistant to unholy torment.
You are immune to petrification.


Message History

The killer bee blinks!
The killer bee is moderately wounded.
Throw: 2 boomerangs (disperse)
Press: ? - help, Q - select action, (/) - cycle Shift-Dir - straight line, f/p - killer bee
Aim: a killer bee (moderately wounded, 16% to hit)
You throw a boomerang of dispersal.
The boomerang of dispersal hits the killer bee.
The killer bee blinks!
The killer bee is severely wounded.
You open the door.
An endoplasm comes into view.
The endoplasm quivers.
Found a scroll of immolation.
You miss the killer bee.
The killer bee is severely wounded.
You block the killer bee's attack.
You closely miss the killer bee.
The killer bee is severely wounded.
The killer bee stings you but does no damage.
You block the killer bee's attack.
Throw: boomerang (disperse)
Press: ? - help, Q - select action, (/) - cycle Shift-Dir - straight line, f/p - killer bee
Aim: a killer bee (severely wounded, 16% to hit)
You throw a boomerang of dispersal.
The boomerang of dispersal misses the killer bee.
You block the killer bee's attack. The killer bee barely misses you.
You feel very mighty all of a sudden. The killer bee barely misses you.
The endoplasm freezes you.
You are frozen.
* * * LOW HITPOINT WARNING * * *
The killer bee barely misses you.
You barely miss the killer bee.
The killer bee is severely wounded.
The killer bee stings you but does no damage.
The endoplasm hits you but does no damage.
You closely miss the killer bee.
The killer bee is severely wounded.
The killer bee stings you!
You die...

### #.. #.# #### #.#
..?.. #.#####......# #.
#>..y@J....... ..
#.#####...... . #. #.#
###.# #.#. ####.#####
#.#.### #....[...# ###
.....#
#[.......#.....#.###.#.##
#........................
#........#.# ##.#...#.##
###......# # #$....#.#


You could see a killer bee and an endoplasm.

Vanquished Creatures
  A bullfrog (D:4)
  4 adders
  A dart slug (D:2)
  6 orcs
  13 ball pythons
  3 bats
  9 endoplasms
  A giant cockroach (D:2)
  3 goblins
  7 hobgoblins
  8 jackals
  8 kobolds
  5 frilled lizards
  7 rats
76 creatures vanquished.

Notes
Turn   | Place    | Note
-------+----------+-------------------------------------------
     0 | D:1      | FreshCat the Gargoyle Fighter began the quest for the Orb.
     0 | D:1      | Reached XP level 1. HP: 14/14 MP: 1/1
   257 | D:1      | Reached XP level 2. HP: 19/19 MP: 2/2
   627 | D:1      | Reached XP level 3. HP: 23/23 MP: 3/3
   724 | D:1      | Found a burning altar of Makhleb.
  1076 | D:2      | Reached XP level 4. HP: 20/28 MP: 4/4
  1461 | D:2      | Reached skill level 1 in Throwing
  1841 | D:3      | Found a radiant altar of Vehumet.
  2066 | D:3      | Reached XP level 5. HP: 26/32 MP: 5/5
  2580 | D:5      | Entered Level 5 of the Dungeon
  2628 | D:4      | HP: 1/32 [killer bee (1)]
  2640 | D:4      | HP: 1/32 [frozen (1)]
  2642 | D:4      | Mangled by a killer bee

Illustrated notes

Levels and vault maps discovered:
D:1:      sevenhm_arrival_forest_fort_small_6, layout_rooms,
          chequers_decorated_corner, amcnicky_mini_corridor_feature
D:2:      layout_rooms
D:3:      layout_basic, lemuel_crystal_altar, chequers_serial_rivers_small_3,
          feat_on_display
D:4:      layout_basic, roderic_st_hans_cross, minmay_goblin_kobold_house
D:5:      layout_layer_cave, enter_ossuary_2, uniq_sigmund

Skill      XL: |  1  2  3  4  5 |
---------------+----------------+-----
Maces & Flails | 3 |  3.5
Shields        | 4 |  4.2
Throwing       | 1 |  1.9
Armour         | 4 |  4.0
Fighting       | |  3.6
Dodging        | |  0.6
Stealth        | |  0.2

Action                   |  1- 3 |  4- 6 || total
-------------------------+-------+-------++-------
Melee: Flail             |   103 |   104 ||   207
Throw: Stone             |    57 |    69 ||   126
       Boomerang         |       |     5 ||     5
  Use: Scroll            |     3 |     3 ||     6
       Potion            |       |     4 ||     4
Armor: Scale mail        |    85 |    81 ||   166
Dodge: Dodged            |    51 |    43 ||    94
Block: Kite shield       |    73 |    79 ||   152
